| TOP OF THE 1ST |
|
Toledo Mud Hens batting - Pitching for Norfolk Tides : LHP Freddy Gutierrez
|
|
Pitching: LHP Freddy Gutierrez
|
|
|
Batting: RHB Brandon O'Malley
|
0-0: Ball 1-0: Called Strike 1-1: Called Strike 1-2: Ball 2-2: Foul Ball, location: 2F 2-2: Ball 3-2: Strikes out looking
|
|
Batting: RHB Willis Morales
|
0-0: Ball 1-0: Ball 2-0: Ball 3-0: Called Strike 3-1: Fly out, F8 (Flyball, 8LD, EV 100.6 MPH)
|
|
Batting: RHB Sergio Zamora
|
0-0: Fly out, F6 (Line Drive, 6MD, EV 73.1 MPH)
|
| Top of the 1st over - 0 runs, 0 hits, 0 errors, 0 left on base; Toledo 0 - Norfolk 0 |
| BOTTOM OF THE 1ST |
|
Norfolk Tides batting - Pitching for Toledo Mud Hens : RHP Chris McCurdy
|
|
Pitching: RHP Chris McCurdy
|
|
|
Batting: RHB Tony Godley
|
0-0: Ball 1-0: SINGLE (Line Drive, 89S, EV 110.6 MPH)
|
|
Batting: RHB Ray Sims
|
0-0: Called Strike 0-1: Swinging Strike 0-2: Foul Ball, location: 2F 0-2: Strikes out swinging
|
|
Batting: LHB Wes Goscinski
|
0-0: Called Strike Pickoff Throw to First - Out! 1-3 0-1: Swinging Strike 0-2: Ball 1-2: Strikes out swinging
|
| Bottom of the 1st over - 0 runs, 1 hit, 0 errors, 0 left on base; Toledo 0 - Norfolk 0 |
| TOP OF THE 2ND |
|
Toledo Mud Hens batting - Pitching for Norfolk Tides : LHP Freddy Gutierrez
|
|
Batting: RHB John Evancho
|
0-0: Foul Ball, location: 2F 0-1: Foul Ball, location: 2F 0-2: Fly out, F8 (Flyball, 8LD, EV 103.8 MPH)
|
|
Batting: RHB Adam MacConnell
|
0-0: Ball 1-0: Fly out, F7 (Flyball, 7, EV 96.2 MPH)
|
|
Batting: SHB Willie Medina
|
0-0: Ball 1-0: Called Strike 1-1: Ball 2-1: Called Strike 2-2: Strikes out looking
|
| Top of the 2nd over - 0 runs, 0 hits, 0 errors, 0 left on base; Toledo 0 - Norfolk 0 |
| BOTTOM OF THE 2ND |
|
Norfolk Tides batting - Pitching for Toledo Mud Hens : RHP Chris McCurdy
|
|
Batting: RHB Steve Jones
|
0-0: Called Strike 0-1: Ball 1-1: Foul Ball, location: 2F 1-2: Ball 2-2: Ball 3-2: Fly out, F8 (Flyball, 8RXD, EV 97.5 MPH)
|
|
Batting: LHB Justin Moore
|
0-0: Called Strike 0-1: Foul Ball, location: 2F 0-2: Strikes out swinging
|
|
Batting: RHB John Gray
|
0-0: Ball 1-0: Ball 2-0: Foul Ball, location: 2F 2-1: Ground out 6-3 (Groundball, 6, EV 83.8 MPH)
|
| Bottom of the 2nd over - 0 runs, 0 hits, 0 errors, 0 left on base; Toledo 0 - Norfolk 0 |
| TOP OF THE 3RD |
|
Toledo Mud Hens batting - Pitching for Norfolk Tides : LHP Freddy Gutierrez
|
|
Batting: RHB J.J. Basil
|
0-0: Foul Ball, location: 2F 0-1: Ball 1-1: Ground out 6-3 (Groundball, 6, EV 88.1 MPH)
|
|
Batting: RHB Carlos Armenteros
|
0-0: Called Strike 0-1: Fly out, F8 (Flyball, 8LD, EV 95.0 MPH)
|
|
Batting: SHB Scott Bartholomew
|
0-0: DOUBLE (Line Drive, 78D, EV 108.1 MPH)
|
|
Batting: RHB Brandon O'Malley
|
0-0: Ball 1-0: Ball 2-0: Ground out 5-3 (Groundball, 5, EV 82.5 MPH)
|
| Top of the 3rd over - 0 runs, 1 hit, 0 errors, 1 left on base; Toledo 0 - Norfolk 0 |
| BOTTOM OF THE 3RD |
|
Norfolk Tides batting - Pitching for Toledo Mud Hens : RHP Chris McCurdy
|
|
Batting: RHB Ismael Macedo
|
0-0: Ball 1-0: DOUBLE (Line Drive, 7LM, EV 106.2 MPH)
|
|
Batting: RHB Antonio Gamez
|
0-0: Called Strike 0-1: Swinging Strike 0-2: Foul Ball, location: 2F 0-2: Ball 1-2: Strikes out looking
|
|
Batting: RHB Matt Berrier
|
0-0: Foul Ball, location: 2F 0-1: Swinging Strike 0-2: Ball 1-2: Ball 2-2: Ground out 5-3 (Groundball, 56, EV 77.5 MPH)
|
|
Batting: RHB Tony Godley
|
0-0: Called Strike 0-1: Ball 1-1: Foul Ball, location: 2F 1-2: Fly out, F7 (Flyball, 7D, EV 98.8 MPH)
|
| Bottom of the 3rd over - 0 runs, 1 hit, 0 errors, 1 left on base; Toledo 0 - Norfolk 0 |
| TOP OF THE 4TH |
|
Toledo Mud Hens batting - Pitching for Norfolk Tides : LHP Freddy Gutierrez
|
|
Batting: RHB Willis Morales
|
0-0: Called Strike 0-1: Ball 1-1: Ground out 6-3 (Groundball, 6, EV 86.9 MPH)
|
|
Batting: RHB Sergio Zamora
|
0-0: Ball 1-0: Foul Ball, location: 2F 1-1: Ball 2-1: Ball 3-1: Base on Balls
|
|
Batting: RHB John Evancho
|
0-0: SINGLE (Flyball, 6D, EV 86.2 MPH) Sergio Zamora to second
|
|
Batting: RHB Adam MacConnell
|
0-0: Called Strike 0-1: Ball 1-1: Fielders Choice at 2nd, 1-6 (Groundball, 13, EV 66.2 MPH) Sergio Zamora to third
|
|
Batting: SHB Willie Medina
|
0-0: Called Strike 0-1: Swinging Strike 0-2: Strikes out swinging
|
| Top of the 4th over - 0 runs, 1 hit, 0 errors, 2 left on base; Toledo 0 - Norfolk 0 |
| BOTTOM OF THE 4TH |
|
Norfolk Tides batting - Pitching for Toledo Mud Hens : RHP Chris McCurdy
|
|
Batting: RHB Ray Sims
|
0-0: Fly out, F4 (Popup, 34D, EV 60.6 MPH)
|
|
Batting: LHB Wes Goscinski
|
0-0: Ball 1-0: SINGLE (Line Drive, 7S, EV 101.9 MPH)
|
|
Batting: RHB Steve Jones
|
0-0: Foul Ball, location: 2F 0-1: Swinging Strike 0-2: Foul Ball, location: 2F 0-2: Ball 1-2: Strikes out looking
|
|
Batting: LHB Justin Moore
|
0-0: Called Strike 0-1: Ball 1-1: Fly out, F9 (Line Drive, 89M, EV 95.0 MPH)
|
| Bottom of the 4th over - 0 runs, 1 hit, 0 errors, 1 left on base; Toledo 0 - Norfolk 0 |
| TOP OF THE 5TH |
|
Toledo Mud Hens batting - Pitching for Norfolk Tides : LHP Freddy Gutierrez
|
|
Batting: RHB J.J. Basil
|
0-0: Called Strike 0-1: Ball 1-1: Ball 2-1: TRIPLE (Flyball, 78XD, EV 103.8 MPH)
|
|
Batting: RHB Carlos Armenteros
|
0-0: Ball 1-0: Called Strike 1-1: Called Strike 1-2: Ground out 4-3 (Groundball, 4, EV 88.8 MPH)
|
|
Batting: SHB Scott Bartholomew
|
0-0: Called Strike 0-1: Ball 1-1: Ball 2-1: Swinging Strike 2-2: Strikes out swinging
|
|
Batting: RHB Brandon O'Malley
|
0-0: Ball 1-0: Fly out, F5 (Popup, 56, EV 83.8 MPH)
|
| Top of the 5th over - 0 runs, 1 hit, 0 errors, 1 left on base; Toledo 0 - Norfolk 0 |
| BOTTOM OF THE 5TH |
|
Norfolk Tides batting - Pitching for Toledo Mud Hens : RHP Chris McCurdy
|
|
Batting: RHB John Gray
|
0-0: Ball 1-0: Ball 2-0: Ball 3-0: Called Strike 3-1: Base on Balls
|
|
Batting: RHB Ismael Macedo
|
0-0: Called Strike 0-1: Hit by Pitch John Gray to second
|
|
Batting: RHB Antonio Gamez
|
0-0: Ball 1-0: Ground out 5-3 (Groundball, 5S, EV 70.6 MPH) John Gray to third Ismael Macedo to second
|
|
Batting: RHB Matt Berrier
|
0-0: Called Strike 0-1: Ball 1-1: Ball 2-1: Called Strike 2-2: Strikes out looking
|
|
Batting: RHB Tony Godley
|
0-0: Fly out, F3 (Popup, 3SF, EV 76.2 MPH)
|
| Bottom of the 5th over - 0 runs, 0 hits, 0 errors, 2 left on base; Toledo 0 - Norfolk 0 |
| TOP OF THE 6TH |
|
Toledo Mud Hens batting - Pitching for Norfolk Tides : LHP Freddy Gutierrez
|
|
Batting: RHB Willis Morales
|
0-0: Called Strike 0-1: Fly out, F8 (Flyball, 89M, EV 90.6 MPH)
|
|
Batting: RHB Sergio Zamora
|
0-0: Called Strike 0-1: Called Strike 0-2: Foul Ball, location: 2F 0-2: Ground out 5-3 (Groundball, 5, EV 88.1 MPH)
|
|
Batting: RHB John Evancho
|
0-0: Ball 1-0: Hit by Pitch
|
|
Batting: RHB Adam MacConnell
|
0-0: Ball 1-0: Foul Ball, location: 2F 1-1: Called Strike 1-2: SINGLE (Flyball, 8RS, EV 99.4 MPH) John Evancho to second
|
|
Batting: SHB Willie Medina
|
0-0: Foul Ball, location: 2F 0-1: Ball 1-1: Swinging Strike 1-2: Ball 2-2: Ground out 1-3 (Groundball, 15S, EV 70.0 MPH)
|
| Top of the 6th over - 0 runs, 1 hit, 0 errors, 2 left on base; Toledo 0 - Norfolk 0 |
| BOTTOM OF THE 6TH |
|
Norfolk Tides batting - Pitching for Toledo Mud Hens : RHP Chris McCurdy
|
|
Batting: RHB Ray Sims
|
0-0: Ball 1-0: Called Strike 1-1: Swinging Strike 1-2: Ball 2-2: Ball 3-2: Strikes out swinging
|
|
Batting: LHB Wes Goscinski
|
0-0: Ball 1-0: SINGLE (Groundball, 4MS, EV 88.1 MPH) (infield hit)
|
|
Batting: RHB Steve Jones
|
0-0: Ball 1-0: Ball 2-0: Ball 3-0: Foul Ball, location: 2F 3-1: Base on Balls Wes Goscinski to second
|
|
Batting: LHB Justin Moore
|
0-0: Called Strike 0-1: Reached on error, E6 (Groundball, 6, EV 98.8 MPH) Wes Goscinski to third Steve Jones to second
|
|
Batting: RHB John Gray
|
0-0: Called Strike 0-1: Fly out, F9 (Flyball, 89M, EV 66.9 MPH)
|
|
Batting: RHB Ismael Macedo
|
0-0: Called Strike 0-1: Foul Ball, location: 2F 0-2: Ball 1-2: Ball 2-2: Strikes out swinging
|
| Bottom of the 6th over - 0 runs, 1 hit, 1 error, 3 left on base; Toledo 0 - Norfolk 0 |
| TOP OF THE 7TH |
|
Toledo Mud Hens batting - Pitching for Norfolk Tides : LHP Freddy Gutierrez
|
|
Batting: RHB J.J. Basil
|
0-0: Called Strike 0-1: Fly out, F7 (Flyball, 7LS, EV 94.4 MPH)
|
|
Batting: RHB Carlos Armenteros
|
0-0: Called Strike 0-1: Foul Ball, location: 2F 0-2: Ball 1-2: Strikes out swinging
|
|
Batting: SHB Scott Bartholomew
|
0-0: Ball 1-0: Swinging Strike 1-1: Ball 2-1: Ball 3-1: Foul Ball, location: 2F 3-2: Foul Ball, location: 2F 3-2: Foul Ball, location: 2F 3-2: Strikes out swinging
|
| Top of the 7th over - 0 runs, 0 hits, 0 errors, 0 left on base; Toledo 0 - Norfolk 0 |
| BOTTOM OF THE 7TH |
|
Norfolk Tides batting - Pitching for Toledo Mud Hens : RHP Chris McCurdy
|
|
Batting: RHB Antonio Gamez
|
0-0: Swinging Strike 0-1: Ball 1-1: Swinging Strike 1-2: Ball 2-2: Foul Ball, location: 2F 2-2: Ground out 6-3 (Groundball, 6S, EV 78.1 MPH)
|
|
Pinch Hitting: LHB Keith Long
|
0-0: Foul Ball, location: 2F 0-1: Ball 1-1: Foul Ball, location: 2F 1-2: Ground out 5-3 (Groundball, 56, EV 90.0 MPH)
|
|
Batting: RHB Tony Godley
|
0-0: Ball 1-0: Ground out 5-3 (Groundball, 5L, EV 83.8 MPH)
|
| Bottom of the 7th over - 0 runs, 0 hits, 0 errors, 0 left on base; Toledo 0 - Norfolk 0 |
| TOP OF THE 8TH |
|
Toledo Mud Hens batting - Pitching for Norfolk Tides : LHP Freddy Gutierrez
|
|
Now at SS: Jeremy Sipe
|
|
|
Batting: RHB Brandon O'Malley
|
0-0: Called Strike 0-1: Foul Ball, location: 2F 0-2: Strikes out swinging
|
|
Pitching: RHP Josh Blankenship
|
|
|
Pinch Hitting: SHB Richello Badua
|
0-0: Called Strike 0-1: Fly out, F9 (Flyball, 9, EV 87.5 MPH)
|
|
Batting: RHB Sergio Zamora
|
0-0: Ball 1-0: Called Strike 1-1: Foul Ball, location: 2F 1-2: Ball 2-2: Strikes out swinging
|
| Top of the 8th over - 0 runs, 0 hits, 0 errors, 0 left on base; Toledo 0 - Norfolk 0 |
| BOTTOM OF THE 8TH |
|
Norfolk Tides batting - Pitching for Toledo Mud Hens : RHP Chris McCurdy
|
|
Now at 3B: Brady Jeleniewski
|
|
|
Batting: RHB Ray Sims
|
0-0: Ball 1-0: Ground out 1-3 (Groundball, 34S, EV 74.4 MPH)
|
|
Batting: LHB Wes Goscinski
|
0-0: Ball 1-0: Swinging Strike 1-1: Ball 2-1: Ball 3-1: Foul Ball, location: 2F 3-2: SINGLE (Groundball, 4M, EV 88.1 MPH) (infield hit)
|
|
Batting: RHB Steve Jones
|
0-0: Fly out, F8 (Line Drive, 8RM, EV 101.9 MPH)
|
|
Batting: LHB Justin Moore
|
0-0: Ball 1-0: Swinging Strike 1-1: Foul Ball, location: 2F 1-2: Ball 2-2: SINGLE (Flyball, 6MD, EV 87.5 MPH) Wes Goscinski to second
|
|
Pinch Runner at 2nd Danny Baeza:
|
|
|
Batting: RHB John Gray
|
0-0: Called Strike 0-1: Called Strike 0-2: Ball 1-2: Fly out, F7 (Flyball, 78S, EV 96.2 MPH)
|
| Bottom of the 8th over - 0 runs, 2 hits, 0 errors, 2 left on base; Toledo 0 - Norfolk 0 |
| TOP OF THE 9TH |
|
Toledo Mud Hens batting - Pitching for Norfolk Tides : RHP Josh Blankenship
|
|
Batting: RHB John Evancho
|
0-0: Called Strike 0-1: Ball 1-1: Ground out 6-3 (Groundball, 6, EV 89.4 MPH)
|
|
Batting: RHB Adam MacConnell
|
0-0: Called Strike 0-1: Foul Ball, location: 2F 0-2: Foul Ball, location: 2F 0-2: Ball 1-2: Ball 2-2: Ground out 4-3 (Groundball, 4, EV 107.5 MPH)
|
|
Batting: SHB Willie Medina
|
0-0: Called Strike 0-1: Fly out, F8 (Flyball, 8RM, EV 81.2 MPH)
|
| Top of the 9th over - 0 runs, 0 hits, 0 errors, 0 left on base; Toledo 0 - Norfolk 0 |
| BOTTOM OF THE 9TH |
|
Norfolk Tides batting - Pitching for Toledo Mud Hens : RHP Chris McCurdy
|
|
Batting: RHB Ismael Macedo
|
0-0: Ground out 5-3 (Groundball, 56S, EV 79.4 MPH)
|
|
Batting: RHB Antonio Gamez
|
0-0: Ball 1-0: Foul Ball, location: 2F 1-1: Ball 2-1: Called Strike 2-2: Foul Ball, location: 2F 2-2: Foul Ball, location: 2F 2-2: Ball 3-2: Base on Balls
|
|
Pitching: RHP Bobby Mott
|
|
|
Batting: RHB Jeremy Sipe
|
0-0: Fly out, F3 (Line Drive, 34, EV 67.5 MPH)
|
|
Batting: RHB Tony Godley
|
0-0: Foul Ball, location: 2F 0-1: SINGLE (Groundball, 4MD, EV 103.1 MPH) Antonio Gamez to second Runner from 2nd tries for 3rd, SAFE, throw by CF made to third
|
|
Batting: RHB Ray Sims
|
0-0: Ball 1-0: Ball 2-0: Ball 3-0: Called Strike 3-1: Foul Ball, location: 2F 3-2: Strikes out swinging
|
| Bottom of the 9th over - 0 runs, 1 hit, 0 errors, 2 left on base; Toledo 0 - Norfolk 0 |
| TOP OF THE 10TH |
|
Toledo Mud Hens batting - Pitching for Norfolk Tides : RHP Josh Blankenship
|
|
Batting: RHB J.J. Basil
|
0-0: Ground out 5-3 (Groundball, 5, EV 98.8 MPH)
|
|
Batting: RHB Carlos Armenteros
|
0-0: Called Strike 0-1: Ball 1-1: Ball 2-1: Ground out 6-3 (Groundball, 56, EV 91.9 MPH)
|
|
Batting: SHB Scott Bartholomew
|
0-0: Ball 1-0: Foul Ball, location: 2F 1-1: Ball 2-1: Ball 3-1: Called Strike 3-2: Foul Ball, location: 2F 3-2: Base on Balls
|
|
Pitching: RHP Ferri Adam
|
|
|
Batting: RHB Brandon O'Malley
|
0-0: Ball Scott Bartholomew steals 2nd base 1-0: Fly out, F7 (Flyball, 7, EV 86.2 MPH)
|
| Top of the 10th over - 0 runs, 0 hits, 0 errors, 1 left on base; Toledo 0 - Norfolk 0 |
| BOTTOM OF THE 10TH |
|
Norfolk Tides batting - Pitching for Toledo Mud Hens : RHP Bobby Mott
|
|
Pitching: LHP Ben Saunders
|
|
|
Batting: RHB Danny Baeza
|
0-0: Called Strike 0-1: Ball 1-1: Foul Ball, location: 2F 1-2: Fly out, F9 (Flyball, 9LD, EV 88.1 MPH)
|
|
Batting: RHB Steve Jones
|
0-0: Ball 1-0: DOUBLE (Line Drive, 78XD, EV 112.5 MPH)
|
|
Pinch Hitting: SHB Ben Pierce
|
0-0: Called Strike 0-1: Swinging Strike 0-2: Ball 1-2: Foul Ball, location: 2F 1-2: Strikes out looking
|
|
Batting: RHB John Gray
|
0-0: Foul Ball, location: 2F 0-1: Ball 1-1: Fly out, F9 (Flyball, 9LS, EV 86.9 MPH)
|
| Bottom of the 10th over - 0 runs, 1 hit, 0 errors, 1 left on base; Toledo 0 - Norfolk 0 |
| TOP OF THE 11TH |
|
Toledo Mud Hens batting - Pitching for Norfolk Tides : RHP Ferri Adam
|
|
Now at 1B: Ben Pierce
|
|
|
Batting: RHB Brady Jeleniewski
|
0-0: Called Strike 0-1: Ball 1-1: Swinging Strike 1-2: Fly out, F7 (Flyball, 7D, EV 106.2 MPH)
|
|
Batting: RHB Sergio Zamora
|
0-0: Called Strike 0-1: Called Strike 0-2: Strikes out swinging
|
|
Batting: RHB John Evancho
|
0-0: Called Strike 0-1: SINGLE (Groundball, 4MD, EV 101.2 MPH)
|
|
Batting: RHB Adam MacConnell
|
0-0: Ball 1-0: Ball 2-0: SINGLE (Line Drive, 89S, EV 92.5 MPH) John Evancho to second Runner from 2nd tries for 3rd, SAFE, throw by RF made to third
|
|
Batting: SHB Willie Medina
|
0-0: Ball 1-0: Ball 2-0: Foul Ball, location: 2F 2-1: Ball 3-1: Foul Ball, location: 2F 3-2: Ground out 5-3 (Groundball, 5, EV 86.9 MPH)
|
| Top of the 11th over - 0 runs, 2 hits, 0 errors, 2 left on base; Toledo 0 - Norfolk 0 |
| BOTTOM OF THE 11TH |
|
Norfolk Tides batting - Pitching for Toledo Mud Hens : LHP Ben Saunders
|
|
Batting: RHB Ismael Macedo
|
0-0: Ball 1-0: SINGLE (Groundball, 34D, EV 102.5 MPH)
|
|
Batting: RHB Antonio Gamez
|
0-0: Called Strike Ismael Macedo is caught stealing 2nd base 2-4 0-1: Ground out 5-3 (Groundball, 56, EV 89.4 MPH)
|
|
Batting: RHB Jeremy Sipe
|
0-0: Swinging Strike 0-1: Ball 1-1: Ground out 6-3 (Groundball, 6, EV 76.9 MPH)
|
| Bottom of the 11th over - 0 runs, 1 hit, 0 errors, 0 left on base; Toledo 0 - Norfolk 0 |
| TOP OF THE 12TH |
|
Toledo Mud Hens batting - Pitching for Norfolk Tides : RHP Ferri Adam
|
|
Batting: RHB J.J. Basil
|
0-0: Ball 1-0: SINGLE (Flyball, 6MD, EV 85.6 MPH)
|
|
Batting: RHB Carlos Armenteros
|
0-0: Ball J.J. Basil steals 2nd base (no throw) 1-0: Ball 2-0: Fly out, F9 (Flyball, 9, EV 87.5 MPH)
|
|
Batting: SHB Scott Bartholomew
|
0-0: Ground out 6-3 (Groundball, 6MD, EV 81.2 MPH) J.J. Basil to third
|
|
Batting: RHB Brandon O'Malley
|
0-0: Fly out, F8 (Flyball, 8LM, EV 83.8 MPH)
|
| Top of the 12th over - 0 runs, 1 hit, 0 errors, 1 left on base; Toledo 0 - Norfolk 0 |
| BOTTOM OF THE 12TH |
|
Norfolk Tides batting - Pitching for Toledo Mud Hens : LHP Ben Saunders
|
|
Batting: RHB Tony Godley
|
0-0: Ball 1-0: Ball 2-0: Fly out, F8 (Flyball, 8RD, EV 84.4 MPH)
|
|
Batting: RHB Ray Sims
|
0-0: Called Strike 0-1: Foul Ball, location: 2F 0-2: Foul Ball, location: 2F 0-2: Ball 1-2: Ball 2-2: Ball 3-2: SINGLE (Groundball, 6MD, EV 94.4 MPH)
|
|
Pitching: RHP Nate Mull
|
|
|
Batting: RHB Danny Baeza
|
0-0: Ball 1-0: Ball 2-0: SINGLE (Line Drive, 8LS, EV 104.4 MPH) Ray Sims to second
|
|
Batting: RHB Steve Jones
|
0-0: SINGLE (Groundball, 6D, EV 101.9 MPH) Ray Sims to third Danny Baeza to second Runner from 3rd tries for Home, SAFE, throw by CF to home
|
| Bottom of the 12th over - 1 run, 3 hits, 0 errors, 2 left on base; Toledo 0 - Norfolk 1 |
|